 Dungeon Sprint DCSS version 0.29-a0-96-g93358da72b (webtiles) character file.

Game seed: 12532921902609776323

107 cyrus the Skirmisher (level 4, -2/46 HPs)
             Began as a Naga Fighter on Feb 11, 2022.
             Splashed by a jelly's acid (10 damage)
             ... in the Dungeon (Sprint III: "The Ten Rune Challenge").
             The game lasted 00:01:45 (915 turns).

cyrus the Skirmisher (Naga Fighter)                  Turns: 915, Time: 00:01:48

Health: -2/46      AC: -6    Str: 18    XL:     4   Next: 85%
Magic:  4/4        EV:  7    Int: 11    God:
Gold:   0          SH:  4    Dex: 10    Spells: 3/3 levels left

rFire   . . .      SeeInvis +   a - +0 trident
rCold   . . .      Faith    .   c - +0 buckler
rNeg    . . .      Spirit   .   b - +0 scale mail
rPois   +          Reflect  .   (no helmet)
rElec   .          Harm     .   (no cloak)
rCorr   .          Rampage  .   (no gloves)
Will    .....      NoTele   +   (no barding)
Stlth   ..........              (no amulet)
HPRegen 0.15/turn               (no ring)
MPRegen 0.09/turn               (no ring)

@: corroded, very slow
A: AC +1, large, see invisible, deformed body, poison resistance, slowness 2,
spit poison 1, naga tail 1
a: Spit Poison


You were in the Dungeon.
You visited 1 branch

Inventory:

Hand Weapons
 a - a +0 trident (weapon)
Missiles
 k - 15 stones (quivered)
Armour
 b - a +0 scale mail (worn)
 c - a +0 buckler (worn)
Scrolls
 j - a scroll of blinking
Potions
 e - a potion of mutation {unknown}
 g - a potion of haste
 h - 2 potions of magic


   Skills:
 + Level 5.2 Fighting
 + Level 4.7 Polearms
 + Level 4.5 Armour
 + Level 0.1 Dodging
 + Level 4.6 Shields


You had 3 spell levels left.
You didn't know any spells.
Your spell library was empty.

Dungeon Overview and Level Annotations

Branches:
Dungeon (1/1)

Altars:


Innate Abilities, Weirdness & Mutations

Your serpentine skin is tough. (AC +1)
You have supernaturally acute eyesight. (SInv)
Armour fits poorly on your strangely shaped body.
Your system is resistant to poisons. (rPois)
You cover ground very slowly.
You can spit poison.
You have a snake-like lower body.


Message History

Your Polearms skill increases to level 4!
Your Armour skill increases to level 4!
You have reached level 4!
You feel clever.
Unknown command.
You start resting.
You feel a strong urge to attack something.
You start resting.
You are no longer berserk.
You are exhausted.
You feel yourself slow down.
You start resting.
You feel yourself speed up.
You start resting.
You recover from your berserk rage.
You start resting.
HP restored.
You start waiting.
Done waiting.
There is an open door to the Ecumenical Temple here.
You open the door.
A jelly comes into view.
A shadow comes into view.
There is an open door here.
The shadow barely misses you.
You hit the jelly.
Your hands burn!
The jelly is lightly wounded.
The shadow hits you! The jelly hits you but does no damage.
The shadow barely misses you.
You puncture the jelly! The acid corrodes you!
Your hands burn!
The jelly is severely wounded.
The jelly hits you. The acid corrodes you!
You are splashed with acid!
The shadow hits you.
You hit the jelly but do no damage.
Your hands burn!
* * * LOW HITPOINT WARNING * * *
The jelly is severely wounded.
The jelly hits you.
* * * LOW HITPOINT WARNING * * *
The acid corrodes you!
You are splashed with acid!
You die...

▓▓▓ ♣.# ♣♣.# ..#
♣♣ ♣♣.###+#+###+##
.. ♣..#..........#
≈♣♣♣..'.⌠........#
≈≈≈♣..#...######'#
≈≈....#.⌠.# #.W@#
≈.....#...# #..J#
......#+### #...#
......# #...+
......# +...#
▓▓▓▓▓▓▓ ▓▓▓▓▓


You could see a shadow and a jelly.

Vanquished Creatures
  A water elemental (D)
  Jessica (D)
  A human (D)
  A phantom (D)
  2 endoplasms (D)
  A rat (D)
7 creatures vanquished.

Notes
Turn   | Place    | Note
-------+----------+-------------------------------------------
     0 | D        | cyrus the Naga Fighter began the quest for the Orb.
     0 | D        | Reached XP level 1. HP: 21/21 MP: 1/1
    13 | D        | Noticed Jessica
    20 | D        | HP: 1/21 [Jessica/nerve-wracking pain (7)]
    25 | D        | Killed Jessica
    26 | D        | Reached skill level 4 in Fighting
    26 | D        | Reached XP level 2. HP: 11/31 MP: 2/2
    26 | D        | Reached XP level 3. HP: 13/37 MP: 3/3
   661 | D        | Noticed a water elemental
   667 | D        | Killed a water elemental
   668 | D        | Reached skill level 5 in Fighting
   668 | D        | Reached XP level 4. HP: 37/46 MP: 4/4
   911 | D        | Noticed a shadow
   915 | D        | Splashed by a jelly's acid

Illustrated notes

Levels and vault maps discovered:
D:        dungeon_sprint_mu [sprint_mu_entry_forest, sprint_mu_temple_rooms,
          sprint_mu_d1_horrors, sprint_mu_d2_genie, sprint_mu_d3_branching,
          sprint_mu_orc_legion, sprint_mu_elf_gauntlet, sprint_mu_hive_nellie,
          sprint_mu_lair_fedhas, sprint_mu_vaults_butterflies,
          sprint_mu_slime_circle, sprint_mu_shoals_kraken,
          sprint_mu_snake_twists, sprint_mu_blade_basic,
          sprint_mu_crypt_chambers, sprint_mu_tomb_spiral,
          sprint_mu_vestibule_basic, sprint_mu_gehenna_hellfire,
          sprint_mu_dis_giant, sprint_mu_tartarus_statrot,
          sprint_mu_cocytus_islands, sprint_mu_zot1]

Skill      XL: |  1  2  3 |
---------------+----------+-----
Fighting       | 4 5 |  5.2
Armour         | 3 4 |  4.5
Shields        | 3 4 |  4.6
Polearms       | 4 |  4.7
Dodging        | |  0.1

Action                   |  1- 3 |  4- 6 || total
-------------------------+-------+-------++-------
Melee: Trident           |    32 |     3 ||    35
  Use: Potion            |     4 |       ||     4
Armor: Scale mail        |     3 |     1 ||     4
Dodge: Dodged            |    12 |     2 ||    14
Block: Buckler           |     8 |       ||     8

Table legend: (Time is in decaauts)
 A = Elapsed time spent in this place.
 B = Non-inter-level travel time spent in this place.
 C = Inter-level travel time spent in this place.
 D = Time resting spent in this place.
 E = Time spent auto-exploring this place.
 F = Levels seen in this place.
 G = Mean time per level.
                   A        B        C        D        E       F      G
               +--------+--------+--------+--------+--------+-----+--------+
         Total |    970 |    970 |      0 |    802 |      0 |   1 |  970.0 |
       Dungeon |    970 |    970 |      0 |    802 |      0 |   1 |  970.0 |
               +--------+--------+--------+--------+--------+-----+--------+

Top non-repeatable levels by time:
       D: 970 daAuts
